AoeStats
← [LaCD] diegocm

Arena

507210323Analyzed
1v1 RM · 15d ago on Sep 17, 2026· 23m 14s· 2 players
Game mode
Random Map
Map size
Tiny (2 player)
Population
200
Speed
Normal
Resources
Standard
Victory
Conquest
Starting age
Dark Age
Ending age
Imperial Age
RankedLock teamsTeams togetherTeam positionsShared explorationLock speedFull tech treeHidden civsTurbo modeCheats
Victory
Defeat
🇨🇴 Spanish · Colombia
1167
+17
🇹🇼 Burmese · Taiwan
1183
-17
[LaCD] diegocm
11:20 Feudal Age
9:36 Loom
12:54 Loom
16:02 Castle Age
15:42 Stone Mining
15:41 Double-Bit Axe
18:14 Horse Collar
Sung Ming-Yen
10:57 Feudal Age
9:14 Loom
14:48 Castle Age
12:51 Gold Mining
19:26 Fervor
19:40 Sanctity
Connection lost

Rejoining the realm…

Still unreachable

The connection could not be restored.

Session expired

The server has moved on; the page needs a fresh start.